 Dungeon Sprint DCSS version 0.31.0-9-g3a7656b989 (webtiles) character file.

Game seed: 224401786858104122

5884 Groucho the Thaumaturge (level 10, -12/61 HPs)
             Began as a Deep Elf Earth Elementalist on Feb 3, 2024.
             Was a High Priest of Sif Muna.
             Mangled by an orc knight
             ... wielding a +0 long sword
              (19 damage)
             ... in the Dungeon (Sprint VII: "The Pits").
             The game lasted 00:09:45 (4904 turns).

Groucho the Thaumaturge (DEEE)                      Turns: 4904, Time: 00:09:46

Health: -12/61     AC:  8    Str:  5    XL:     10   Next: 52%
Magic:  15/29      EV: 19    Int: 25    God:    Sif Muna [*****.]
Gold:   0          SH:  0    Dex: 15    Spells: 23/36 levels left

rFire   . . .        h - +2 dagger
rCold   . . .        (no shield)
rNeg    . . .        t - +0 acid dragon scales
rPois   .            (no helmet)
rElec   .            (no cloak)
rCorr   +            s - +0 pair of gloves
SInv    .            (no boots)
Will    +....        (no amulet)
Stlth   +++          n - +3 ring of evasion
HPRegen 0.30/turn    o - +3 ring of evasion
MPRegen 0.21/turn

%: no teleportation
@: lethally poisoned (-12 -> -21), slightly contaminated
A: no striking features
a: Renounce Religion, Channel Magic, Forget Spell, Divine Exegesis


You were in the Dungeon.
You worshipped Sif Muna.
Sif Muna was extremely pleased with you.
You visited 1 branch

Inventory:

Hand Weapons
 h - a +2 dagger (weapon)
Armour
 a - a +0 robe
 r - a +5 ring mail
 s - a +0 pair of gloves (worn)
 t - +0 acid dragon scales (worn)
Jewellery
 n - a +3 ring of evasion (left hand)
 o - a +3 ring of evasion (right hand)
Wands
 m - a wand of charming (10)
Scrolls
 g - a scroll of blinking
 j - 2 scrolls of vulnerability
 k - 5 scrolls of amnesia
 l - a scroll of summoning
Potions
 b - 4 potions of magic
 c - 7 potions of curing
 d - 4 potions of heal wounds
 e - a potion of haste
 f - 4 potions of berserk rage
 i - 2 potions of invisibility
 p - 3 potions of resistance
 q - a potion of brilliance


   Skills:
 + Level 6.9 Fighting
 - Level 5.0 Short Blades
 + Level 4.4 Armour
 + Level 7.0 Dodging
 - Level 7.0 Stealth
 + Level 13.7 Spellcasting
 + Level 11.1 Conjurations
 + Level 13.3 Earth Magic
 + Level 8.8 Alchemy
 + Level 8.7 Invocations


You had 23 spell levels left.
You knew the following spells:

 Your Spells              Type           Power      Damage    Failure   Level
a - Sandblast             Erth           100%       2d20      1%          1
b - Stone Arrow           Conj/Erth      100%       3d13      1%          3
c - Petrify               Alch/Erth      64%        N/A       1%          4
d - Irradiate             Conj/Alch      30%        3d21      3%          5

Your spell library contained the following spells:

 Spells                   Type           Power      Damage    Failure   Level
 Sting                    Conj/Alch      100%       1d9       1%          1
 Dazzling Flash           Conj/Hex       90%        N/A       1%          3
 Passwall                 Erth           71%        N/A       1%          3
 Brom's Barrelling Bould  Conj/Erth      68%        2d8       1%          4
 Iskenderun's Battlesphe  Conj           64%        2d11      1%          5
 Apportation              Tloc           34%        N/A       7%          1
 Necrotise                Necr           68%        1d7       7%          1
 Summon Small Mammal      Summ           68%        N/A       7%          1
 Iskenderun's Mystic Bla  Conj/Tloc      45%        2d10      7%          4
 Volatile Blastmotes      Fire/Tloc      34%        2d12      21%         3
 Starburst                Conj/Fire      22%        6d8       71%         6
 Lehudib's Crystal Spear  Conj/Erth      34%        10d9      96%         8
 Discord                  Hex            8%         N/A       100%        8
 Maxwell's Capacitive Co  Air            8%         ∞         100%        8


Dungeon Overview and Level Annotations

Branches:
Dungeon (1/1)

Altars:
Ashenzari
Cheibriados
Dithmenos
Elyvilon
Fedhas
Gozag
Hepliaklqana
Kikubaaqudgha
Makhleb
Nemelex Xobeh
Okawaru
Qazlal
Ru
Sif Muna
Trog
Uskayaw
Vehumet
Wu Jian
Xom
Yredelemnul
Zin
The Shining One
Jiyva
Lugonu


Message History

The salamander hits you with a +0 trident!
You are engulfed in flames!
The naga mage completely misses you.
The orc knight hits you with a +0 long sword.
You feel less contaminated with magical energies.
Unknown command.
Unknown command.
Unknown command.
Aiming: Stone Arrow (safe; 1% risk of failure)
Press: ? - help, Q - select action, (/) - cycle Shift-Dir - straight line, f - orc
Aim: an orc, wielding a +0 short sword and wearing a +0 leather armour (strong, 78% to hit)
The stone arrow hits the salamander!!
The salamander is almost dead.
The salamander hits you but does no damage.
The naga mage closely misses you. The orc knight barely misses you.
Unknown command.
Unknown command.
Aiming: Stone Arrow (safe; 1% risk of failure)
Press: ? - help, Q - select action, (/) - cycle Shift-Dir - straight line, f/p - orc
Aim: an orc, wielding a +0 short sword and wearing a +0 leather armour (strong, 78% to hit)
The stone arrow hits the salamander!!
You kill the salamander!
Sif Muna accepts your kill.
The warg howls!
The naga mage misses you. The naga barely misses you.
The orc knight barely misses you.
The naga mage points at you and mumbles some strange words.
The bolt of poison hits you!!
You are poisoned.
* * * LOW HITPOINT WARNING * * *
Your Dodging skill increases to level 7!
Unknown command.
You feel better.
You feel less invigorated. The naga mage spits poison at you.
The splash of poison hits you.
You are poisoned.
* * * LOW HITPOINT WARNING * * *
The naga hits you from afar with a +0 halberd!
* * * LOW HITPOINT WARNING * * *
The orc knight hits you with a +0 long sword!!
You die... #...<...##.).##.'...+ #.......##..##..##+## #.......##..#..##...## . #.......##..#..#.....# NN ##########..)..'.....+ No.

##########..#).#.....#
.#.s
...#....##..#..##...##..oo
...#..[[##..##..##o##..#
)..'..))##...##:@)Nh†.#
...#..))##...÷###oN.###
...#..))##......#...'...
########################


You could see an orc knight, a naga mage (fast, catching breath), a warg, a naga
(curare) and an orc (strong).

Vanquished Creatures
  Josephine (D)
  A hydra (D)
  A two-headed ogre (D)
  A shadow wraith (D)
  An arcanist (D)
  An orc knight (D)
  A salamander (D)
  A tyrant leech (D)
  A glass eye (D)
  A shadow (D)
  A ynoxinul (D)
  3 wraiths (D)
  A warg (D)
  A redback (D)
  2 vampire mosquitoes (D)
  An acid dragon (D)
  A laughing skull (D)
  A sky beast (D)
  A phantom (D)
  A gnoll sergeant (D)
  An iron imp (D)
  Terence (D)
  3 orc wizards (D)
  Ijyb (D)
  A mummy (D)
  3 gnolls (D)
  An ufetubus (D)
  A dart slug (D)
  6 orcs (D)
  A bat zombie (D)
  2 giant cockroaches (D)
  A hobgoblin (D)
  A quokka (D)
  2 ball pythons (D)
  A ball python skeleton (D)
  2 bats (D)
  A frilled lizard (D)
  A goblin (D)
  A rat (D)
54 creatures vanquished.

Notes
Turn   | Place    | Note
-------+----------+-------------------------------------------
     0 | D        | Groucho the Deep Elf Earth Elementalist began the quest for
                  | the Orb.
     0 | D        | Reached XP level 1. HP: 10/10 MP: 6/6
   289 | D        | Found a bloodstained altar of Trog.
   289 | D        | Found a shimmering blue altar of Sif Muna.
   289 | D        | Found a viscous altar of Jiyva.
   289 | D        | Found a hazy altar of Hepliaklqana.
   289 | D        | Found an opulent altar of Gozag.
   290 | D        | Found a glowing golden altar of the Shining One.
   290 | D        | Found a glowing silver altar of Zin.
   290 | D        | Found a basalt altar of Yredelemnul.
   290 | D        | Found a shimmering altar of Xom.
   290 | D        | Found an ornate altar of the Wu Jian Council.
   290 | D        | Found a sacrificial altar of Ru.
   290 | D        | Found a stormy altar of Qazlal.
   290 | D        | Found an iron altar of Okawaru.
   290 | D        | Found a sparkling altar of Nemelex Xobeh.
   290 | D        | Found a burning altar of Makhleb.
   290 | D        | Found a blossoming altar of Fedhas.
   290 | D        | Found a white marble altar of Elyvilon.
   290 | D        | Found a shadowy altar of Dithmenos.
   290 | D        | Found a snail-covered altar of Cheibriados.
   291 | D        | Found a radiant altar of Vehumet.
   291 | D        | Found a corrupted altar of Lugonu.
   292 | D        | Found an ancient bone altar of Kikubaaqudgha.
   292 | D        | Found a hide-covered altar of Uskayaw.
   292 | D        | Found a broken altar of Ashenzari.
   293 | D        | Became a worshipper of Sif Muna the Loreminder
   439 | D        | Reached * piety under Sif Muna
   882 | D        | Reached ** piety under Sif Muna
   924 | D        | Reached XP level 2. HP: 15/15 MP: 6/8
   927 | D        | Reached skill level 5 in Earth Magic
  1322 | D        | Noticed a glass eye
  1325 | D        | Noticed a phantom
  1334 | D        | Killed a glass eye
  1334 | D        | Reached *** piety under Sif Muna
  1335 | D        | Reached XP level 3. HP: 19/19 MP: 5/14
  1335 | D        | Reached XP level 4. HP: 24/24 MP: 5/16
  1335 | D        | Reached XP level 5. HP: 28/28 MP: 5/17
  1336 | D        | Killed a phantom
  1337 | D        | Reached skill level 10 in Earth Magic
  1337 | D        | Reached XP level 6. HP: 32/32 MP: 4/19
  1341 | D        | Learned a level 3 spell: Stone Arrow
  1346 | D        | Learned a level 4 spell: Petrify
  1778 | D        | Noticed a sky beast
  1781 | D        | Killed a sky beast
  1781 | D        | Reached **** piety under Sif Muna
  1782 | D        | Reached skill level 1 in Fighting
  1782 | D        | Reached skill level 1 in Short Blades
  1782 | D        | Reached skill level 1 in Alchemy
  1782 | D        | Reached skill level 1 in Invocations
  1908 | D        | Noticed Terence
  1910 | D        | Killed Terence
  2130 | D        | Noticed a shadow
  2133 | D        | Killed a shadow
  2134 | D        | Reached XP level 7. HP: 40/40 MP: 12/22
  2379 | D        | Noticed Ijyb
  2383 | D        | Killed Ijyb
  2383 | D        | Reached ***** piety under Sif Muna
  2648 | D        | Noticed a two-headed ogre
  2651 | D        | Killed a two-headed ogre
  2652 | D        | Reached skill level 10 in Spellcasting
  2652 | D        | Reached XP level 8. HP: 48/48 MP: 13/24
  2983 | D        | Reached skill level 5 in Invocations
  2987 | D        | Reached skill level 5 in Alchemy
  2987 | D        | Received a gift from Sif Muna
  2988 | D        | Got Tiowuz's Vellum of Cunning Arcane Weapons {god gift}
  2996 | D        | Learned a level 5 spell: Irradiate
  3175 | D        | Reached skill level 5 in Short Blades
  3356 | D        | Killed a shadow wraith
  3357 | D        | Reached skill level 5 in Fighting
  3357 | D        | Reached XP level 9. HP: 34/54 MP: 7/26
  3702 | D        | Noticed an orc knight
  3722 | D        | Killed an orc knight
  3723 | D        | Reached skill level 1 in Armour
  4229 | D        | Received a gift from Sif Muna
  4232 | D        | Noticed a tyrant leech
  4243 | D        | Killed a tyrant leech
  4244 | D        | Reached skill level 10 in Conjurations
  4385 | D        | Noticed a five-headed hydra
  4396 | D        | Killed a five-headed hydra
  4697 | D        | Noticed Josephine
  4702 | D        | Reached skill level 5 in Dodging
  4706 | D        | Killed Josephine
  4707 | D        | Reached XP level 10. HP: 25/60 MP: 1/29
  4714 | D        | Received a gift from Sif Muna
  4876 | D        | Noticed an arcanist
  4878 | D        | Noticed a naga mage
  4881 | D        | Noticed an orc knight
  4881 | D        | Noticed a salamander
  4888 | D        | Killed an arcanist
  4895 | D        | Received a gift from Sif Muna
  4897 | D        | HP: 2/61 [salamander/+0 trident (7)]
  4903 | D        | Killed a salamander
  4904 | D        | Mangled by an orc knight

Illustrated notes

Levels and vault maps discovered:
D:        pitsprint [storerooms_1, entrance_room_1, metal_vault_6, armoury_1,
          mini_pit_1, grid_room_1, main_hall_1, silver_pit, the_coven_2,
          the_vestibule_1, steel_vault_4, golden_pit, hallway_of_sentries,
          crystal_vault_2, iron_vault_5, final_vault]

Skill      XL: |  1  2  3  4  5  6  7  8  9 10 |
---------------+-------------------------------+-----
Earth Magic    | 4 9 10 11 12 13 | 13.3
Conjurations   | 2 6 7 8 9 10 11 | 11.1
Spellcasting   | 8 9 10 11 13 | 13.7
Fighting       | 2 3 5 6 |  6.9
Short Blades   | 2 4 5 |  5.0
Stealth        | 4 6 7 |  7.0
Alchemy        | 3 4 6 8 |  8.8
Invocations    | 3 4 6 7 8 |  8.7
Armour         | 3 4 |  4.4
Dodging        | 5 7 |  7.0

Action                     |  1- 3 |  4- 6 |  7- 9 | 10-12 || total
---------------------------+-------+-------+-------+-------++-------
  Melee: Dagger            |       |       |    12 |     3 ||    15
   Cast: Sandblast         |    22 |     5 |       |     1 ||    28
         Stone Arrow       |       |     4 |    37 |    19 ||    60
         Irradiate         |       |       |     2 |     4 ||     6
         Petrify           |       |       |     6 |     2 ||     8
 Invoke: Channel Magic     |       |       |       |     3 ||     3
    Use: Potion            |       |       |       |     6 ||     6
   Stab: Petrified         |       |       |     9 |     2 ||    11
 Armour: Robe              |     3 |       |     4 |       ||     7
         Acid dragon scale |       |       |    10 |    22 ||    32
  Dodge: Dodged            |     7 |     2 |    18 |    40 ||    67
